[Event "Titled Tuesday Blitz May 10 Early 2022"]
[White "Bifulco, Michel"]
[Black "Msellek, Ilyass"]
[WhiteFideId "828580"]
[BlackFideId "675938"]
[WhiteElo "2165"]
[BlackElo "2221"]
[Result "0-1"]
[Round "02"]
[TimeControl "180+1"]
[Date "2022.05.11"]
[WhiteClock "0:00:02"]
[BlackClock "0:00:22"]

1. d4 f5 2. Nc3 Nf6 3. Bg5 d5 4. e3 e6 5. Bd3 a6 6. h3 c5 7. Nf3 Nc6 8. Qd2 b5 9. O-O c4 10. Be2 b4 11. Nd1 Be7 12. Bxf6 Bxf6 13. a3 bxa3 14. Rxa3 g5 15. b3 g4 16. hxg4 fxg4 17. Nh2 Be7 18. Ra1 cxb3 19. cxb3 Bd6 20. Bxg4 Rg8 21. Bh3 Qh4 22. Kh1 Bd7 23. f4 Ne7 24. Nf3 Qh6 25. Ne5 Bb5 26. Rf3 Nf5 27. Qf2 Be7 28. Nc3 Rc8 29. Nxb5 axb5 30. Kh2 Bh4 31. Qe2 Bg3+ 32. Kh1 Nd6 33. Kg1 Rg7 34. Ng4 Qh4 35. Rxg3 Qxg3 36. Nf6+ Kf7 37. Nh5 Qg6 38. Nxg7 Kxg7 39. Qg4 Nf5 40. Qxg6+ hxg6 41. Ra7+ Kf6 42. Bxf5 Kxf5 43. Kf2 Ke4 44. Re7 Rc2+ 45. Kg3 Rc6 46. Re8 Kxe3 47. Re7 Kxd4 48. Kg4 Ke4 49. Kg5 d4 50. Kxg6 Rd6 51. Ra7 d3 52. Ra1 d2 53. Re1+ Kxf4 54. Rf1+ Kg3 55. Rd1 Kf2 56. Kf6 Ke2 0-1


[Site "https://www.chess.com"]

[Event "Titled Tuesday Blitz May 10 Early 2022"]
[White "Bodnar, Nikolay"]
[Black "Petre, Nad-Titus"]
[WhiteFideId "14106469"]
[BlackFideId "1204165"]
[WhiteElo "2296"]
[BlackElo "2354"]
[Result "1-0"]
[Round "02"]
[TimeControl "180+1"]
[Date "2022.05.11"]
[WhiteClock "0:01:22"]
[BlackClock "0:00:11"]

1. e4 c6 2. d4 d5 3. e5 Bf5 4. h4 h5 5. Bd3 Bxd3 6. Qxd3 Qa5+ 7. Nd2 e6 8. Nf3 Qa6 9. c4 Nh6 10. O-O Nf5 11. b3 Be7 12. g3 c5 13. dxc5 Bxc5 14. Kg2 Nc6 15. Qb1 Rd8 16. a3 dxc4 17. b4 Bd4 18. b5 Qa4 19. bxc6 Bxa1 20. Qxa1 Qxc6 21. Qc3 b5 22. a4 a6 23. axb5 axb5 24. Ba3 Rd3 25. Qb4 Kd7 26. Rc1 Ra8 27. Rc3 Rxd2 28. Rxc4 Ne3+ 29. Kh3 Nxc4 30. Qe7+ Kc8 31. Bd6 Nxd6 32. exd6 Rxd6 33. Qf8+ Rd8 34. Qxf7 Qd7 35. Qf4 Qc7 36. Qe4 Qd7 37. Qxa8+ Kc7 38. Qa7+ Kc6 39. Ne5+ 1-0


[Site "https://www.chess.com"]

[Event "Titled Tuesday Blitz May 10 Early 2022"]
[White "Bommini, Mounika Akshaya"]
[Black "Rustemov, Alexander"]
[WhiteFideId "25019872"]
[BlackFideId "4119002"]
[WhiteElo "1671"]
[BlackElo "2704"]
[Result "0-1"]
[Round "02"]
[TimeControl "180+1"]
[Date "2022.05.11"]
[WhiteClock "0:00:02"]
[BlackClock "0:00:43"]

1. d4 f5 2. c4 Nf6 3. Nc3 g6 4. g3 Bg7 5. Bg2 O-O 6. Nf3 d6 7. O-O Nc6 8. a3 e5 9. dxe5 dxe5 10. Qxd8 Rxd8 11. Nb5 Ne8 12. Ng5 e4 13. Bf4 h6 14. Nh3 Rd7 15. Rfd1 Rf7 16. f3 g5 17. Be3 exf3 18. exf3 Bxb2 19. Ra2 Bg7 20. f4 g4 21. Nf2 Be6 22. Bd5 Re7 23. Bc5 Nd6 24. Nxd6 cxd6 25. Bxd6 Ree8 26. Bc5 Rad8 27. Bxe6+ Rxe6 28. Rxd8+ Nxd8 29. Rd2 Nc6 30. Kf1 b6 31. Rd6 Rxd6 32. Bxd6 Kf7 33. c5 Ke6 34. Nd3 b5 35. Nb4 Nxb4 36. axb4 Bc3 37. Bf8 Kd5 38. Ke2 Bxb4 39. c6 Ba5 0-1


[Site "https://www.chess.com"]

[Event "Titled Tuesday Blitz May 10 Early 2022"]
[White "Bortnyk, Olexandr"]
[Black "Kozak, Antoni"]
[WhiteFideId "14120828"]
[BlackFideId "21832030"]
[WhiteElo "2723"]
[BlackElo "2322"]
[Result "1-0"]
[Round "02"]
[TimeControl "180+1"]
[Date "2022.05.10"]
[WhiteClock "0:00:40"]
[BlackClock "0:00:05"]

1. d4 d5 2. Nc3 Nf6 3. Bf4 e6 4. Nb5 Na6 5. e3 c6 6. Nc3 Nb8 7. Nf3 Bd6 8. Ne5 Qc7 9. Qf3 Nbd7 10. Nd3 e5 11. dxe5 Nxe5 12. Nxe5 Bxe5 13. Qg3 Bxf4 14. Qxg7 Rg8 15. Qxf6 Be5 16. Qh4 Bf5 17. Bd3 Bxd3 18. cxd3 Rxg2 19. Qxh7 Qd7 20. d4 Bd6 21. Qh8+ Bf8 22. Qe5+ Be7 23. Rc1 Qg4 24. Ne2 f6 25. Qf4 Qg6 26. Qc7 Qe4 27. Qxb7 Rd8 28. Rxc6 Rg7 29. Rf1 Kf8 30. Kd2 a5 31. Qb6 1-0


[Site "https://www.chess.com"]

[Event "Titled Tuesday Blitz May 10 Early 2022"]
[White "Cabarkapa, Novak"]
[Black "Baches Garcia, Guillermo"]
[WhiteFideId "943746"]
[BlackFideId "2209764"]
[WhiteElo "2454"]
[BlackElo "2506"]
[Result "1-0"]
[Round "02"]
[TimeControl "180+1"]
[Date "2022.05.11"]
[WhiteClock "0:00:23"]
[BlackClock "0:00:07"]

1. d4 Nf6 2. Nc3 d5 3. Bf4 e6 4. e3 Bd6 5. Qf3 a6 6. O-O-O O-O 7. g4 c5 8. g5 Ne8 9. h4 cxd4 10. exd4 Bxf4+ 11. Qxf4 Qd6 12. Qe3 Nc6 13. f4 f6 14. Kb1 fxg5 15. hxg5 g6 16. Rh4 Ng7 17. Bh3 Ne7 18. Qd2 Nef5 19. Bxf5 Nxf5 20. Rh3 Bd7 21. Nf3 Be8 22. Rdh1 Rf7 23. Ne5 Rc7 24. Qh2 Qe7 25. Ne2 b5 26. Nd3 Raa7 27. Nc5 Qd6 28. Qf2 Rg7 29. Nc1 Rac7 30. N1d3 Bc6 31. Re1 Bd7 32. Qg1 Bc8 33. Rh2 a5 34. Rhe2 Rce7 35. Re5 b4 36. Qf2 Qb6 37. Nc1 a4 38. Ne2 a3 39. b3 Rgf7 40. Ng3 Nd6 41. Nxe6 Nb5 42. Nc5 Nc3+ 43. Ka1 Rxe5 44. Rxe5 Kg7 45. Qe3 Qb5 46. Qe1 Bf5 47. Re8 Bxc2 48. Qe5+ 1-0


[Site "https://www.chess.com"]

[Event "Titled Tuesday Blitz May 10 Early 2022"]
[White "Carlsen, Magnus"]
[Black "Skliarov, Viktor"]
[WhiteFideId "1503014"]
[BlackFideId "14106736"]
[WhiteElo "2832"]
[BlackElo "2229"]
[Result "1-0"]
[Round "02"]
[TimeControl "180+1"]
[Date "2022.05.10"]
[WhiteClock "0:01:27"]
[BlackClock "0:00:02"]

1. b3 e5 2. Bb2 Nc6 3. c4 Nf6 4. Nf3 e4 5. Nd4 Nxd4 6. Bxd4 b6 7. e3 Bb7 8. Nc3 c5 9. Be5 d6 10. Bf4 Be7 11. g4 h6 12. Bg2 Qd7 13. h3 d5 14. Qb1 dxc4 15. bxc4 Rd8 16. O-O g5 17. Bg3 h5 18. gxh5 Rxh5 19. a4 Rxh3 20. a5 Rxg3 21. fxg3 Qxd2 22. Qe1 Qxe1 23. Rfxe1 Bd6 24. axb6 axb6 25. Ra7 Rd7 26. Rd1 Bc6 27. Ra6 Bc7 28. Rxd7 Kxd7 29. Bh3+ Kd6 30. Bf5 Ke5 31. g4 1-0


[Site "https://www.chess.com"]

[Event "Titled Tuesday Blitz May 10 Early 2022"]
[White "Cherniaiev, Tykhon"]
[Black "Shashikant, Kutwal"]
[WhiteFideId "14182360"]
[BlackFideId "5006520"]
[WhiteElo "2289"]
[BlackElo "2321"]
[Result "1-0"]
[Round "02"]
[TimeControl "180+1"]
[Date "2022.05.11"]
[WhiteClock "0:00:06"]
[BlackClock "0:00:05"]

1. Nf3 d5 2. c4 c6 3. d4 Nf6 4. e3 e6 5. Bd3 Nbd7 6. O-O Bd6 7. Nbd2 Qe7 8. e4 dxe4 9. Nxe4 Nxe4 10. Bxe4 Nf6 11. Bc2 c5 12. Qe2 O-O 13. Bg5 h6 14. Bh4 cxd4 15. Nxd4 e5 16. Nf5 Bxf5 17. Bxf5 e4 18. Bxf6 Qxf6 19. Bxe4 Rae8 20. Rfe1 Re7 21. Rad1 Rfe8 22. f3 Qe5 23. Bh7+ Kxh7 24. Qc2+ g6 25. Rxe5 Bxe5 26. g3 Bg7 27. Rd2 Re3 28. Kf2 b6 29. b4 Rc3 30. Qd1 Rxc4 31. Rd7 Rxb4 32. Rxf7 Rb2+ 33. Kf1 Rxa2 34. Qd7 Rg8 35. h4 h5 36. g4 hxg4 37. fxg4 Rb2 38. h5 gxh5 39. gxh5 Rb4 40. Qf5+ Kh8 41. h6 1-0


[Site "https://www.chess.com"]

[Event "Titled Tuesday Blitz May 10 Early 2022"]
[White "Cramling Bellon, Anna"]
[Black "Le Ruyet, Leopold"]
[WhiteFideId "32009232"]
[BlackFideId "645923"]
[WhiteElo "1905"]
[BlackElo "2276"]
[Result "1-0"]
[Round "02"]
[TimeControl "180+1"]
[Date "2022.05.11"]
[WhiteClock "0:00:04"]
[BlackClock "0:00:01"]

1. e4 c5 2. f4 d5 3. exd5 Nf6 4. Nf3 Nxd5 5. d3 Nc6 6. Nc3 g6 7. Bd2 Bg7 8. g3 O-O 9. Bg2 Nb6 10. O-O c4 11. Be3 cxd3 12. Qxd3 Qxd3 13. cxd3 Rd8 14. Rad1 Nb4 15. a3 N4d5 16. Nxd5 Nxd5 17. Bc5 b6 18. Bd4 Ba6 19. Bxg7 Kxg7 20. Ne5 Ne3 21. Bxa8 Rxa8 22. Rfe1 Nxd1 23. Rxd1 Rd8 24. d4 f6 25. Nc6 Rd7 26. Kf2 Kf7 27. Ke3 Ke6 28. d5+ Kd6 29. Nb8 Bb7 30. Nxd7 Kxd7 31. Kd4 Kd6 32. Kc4 Ba6+ 33. Kb4 Be2 34. Rd2 a5+ 35. Kc3 Ba6 36. b4 a4 37. g4 Bc8 38. g5 Bd7 39. Kc4 fxg5 40. fxg5 Ke5 41. b5 Kf5 42. h4 Kg4 43. Rd4+ Kh3 44. Kb4 Bg4 45. Re4 Kxh4 46. Rxe7 Kxg5 47. Rxh7 1-0


[Site "https://www.chess.com"]

[Event "Titled Tuesday Blitz May 10 Early 2022"]
[White "Cunha, Lucas Aguiar"]
[Black "Bluebaum, Matthias"]
[WhiteFideId "2125404"]
[BlackFideId "24651516"]
[WhiteElo "2361"]
[BlackElo "2556"]
[Result "0-1"]
[Round "02"]
[TimeControl "180+1"]
[Date "2022.05.10"]
[WhiteClock "0:01:08"]
[BlackClock "0:01:10"]

1. e4 c6 2. d4 d5 3. e5 Bf5 4. Nf3 e6 5. Be2 c5 6. dxc5 Bxc5 7. a3 a6 8. b4 Ba7 9. Nbd2 Nc6 10. Bb2 Nge7 11. O-O Ng6 12. Re1 O-O 13. c4 Nf4 14. Bf1 Nd3 15. Bxd3 Bxd3 16. c5 b6 17. Qb3 Bg6 18. Qa4 Qd7 19. cxb6 Bxb6 20. Rac1 Nxe5 21. Qxd7 Nxd7 22. Rc6 a5 23. b5 a4 24. Bd4 Rfb8 25. Rd6 Rb7 26. Rxd7 Rxd7 27. Bxb6 Rb7 28. Bc5 Rxb5 29. Bb4 Rc8 30. Nd4 Rb7 31. h4 h6 32. f3 Rbc7 33. Kf2 Rc1 34. Re3 Rd1 35. Nf1 Rxd4 0-1


[Site "https://www.chess.com"]

[Event "Titled Tuesday Blitz May 10 Early 2022"]
[White "Cunjalo, Faris"]
[Black "Jeet, Jain"]
[WhiteFideId "14410710"]
[BlackFideId "5073022"]
[WhiteElo "2263"]
[BlackElo "2028"]
[Result "1-0"]
[Round "02"]
[TimeControl "180+1"]
[Date "2022.05.10"]
[WhiteClock "0:00:11"]
[BlackClock "0:00:12"]

1. d4 Nf6 2. c4 g6 3. Nc3 Bg7 4. e4 d6 5. Be2 O-O 6. Bg5 c5 7. d5 b5 8. cxb5 a6 9. bxa6 Qa5 10. Bd2 Bxa6 11. Nf3 Nbd7 12. O-O Rfb8 13. Bxa6 Qxa6 14. Qc2 Ne8 15. Bg5 Nef6 16. Rfe1 Rb7 17. h3 Rab8 18. Rab1 h6 19. Bf4 Nb6 20. b3 Ne8 21. e5 Qa5 22. Bd2 Nc7 23. exd6 exd6 24. Ne4 Qa3 25. Nxd6 Ra7 26. Ne5 Qxa2 27. Rb2 Qa3 28. Ndxf7 Ncxd5 29. Nxh6+ Bxh6 30. Bxh6 Ne7 31. Nc4 Nxc4 32. Qxc4+ Kh7 33. Rbe2 Nf5 34. Bg5 Qxb3 35. Qxc5 Qb6 36. Qd5 Qb7 37. Qe5 Qg7 38. Qxb8 Rb7 39. Qxb7 Qxb7 40. Re7+ Nxe7 41. Rxe7+ 1-0


[Site "https://www.chess.com"]

[Event "Titled Tuesday Blitz May 10 Early 2022"]
[White "Czerw, Dawid"]
[Black "Sokolovsky, Yahli"]
[WhiteFideId "1145746"]
[BlackFideId "2820242"]
[WhiteElo "2125"]
[BlackElo "1770"]
[Result "1/2-1/2"]
[Round "02"]
[TimeControl "180+1"]
[Date "2022.05.11"]
[WhiteClock "0:00:15"]
[BlackClock "0:00:12"]

1. d4 d5 2. c4 c6 3. cxd5 cxd5 4. Bg5 Nc6 5. Nc3 Qa5 6. Nf3 e6 7. a3 Be7 8. h4 Nf6 9. e3 Ne4 10. Bxe7 Nxc3 11. Qd2 Nxe7 12. Rc1 Bd7 13. Rxc3 O-O 14. Bd3 Rac8 15. b4 Qb6 16. Rc5 Qd6 17. O-O b6 18. Rc2 Rxc2 19. Qxc2 h6 20. Ne5 Rc8 21. Qd2 Be8 22. Rc1 Rc7 23. f4 Nc6 24. Bb5 Nxe5 25. fxe5 Rxc1+ 26. Qxc1 Qd8 27. Bxe8 Qxe8 28. Qc7 Qa4 29. Qe7 Qd1+ 30. Kh2 Qg4 31. Qe8+ Kh7 32. Qxf7 Qxh4+ 33. Kg1 Qe1+ 34. Kh2 Qh4+ 35. Kg1 Qg4 36. Qxa7 Qd1+ 37. Kf2 Qd2+ 38. Kf3 Qd1+ 39. Kf2 Qc2+ 40. Kg3 Qg6+ 41. Kf3 Qe4+ 42. Kf2 Qc2+ 43. Kg1 Qc1+ 44. Kh2 Qxe3 45. Qxb6 Qf4+ 46. Kg1 Qc1+ 47. Kf2 Qd2+ 48. Kf3 Qd3+ 49. Kf2 Qd2+ 50. Kg1 Qe1+ 51. Kh2 Qh4+ 52. Kg1 Qe1+ 53. Kh2 Qh4+ 54. Kg1 Qe1+ 1/2-1/2


[Site "https://www.chess.com"]

[Event "Titled Tuesday Blitz May 10 Early 2022"]
[White "D`Arruda, Ricardo D."]
[Black "Levine, David"]
[WhiteFideId "100692"]
[BlackFideId "2011611"]
[WhiteElo "2456"]
[BlackElo "2022"]
[Result "1-0"]
[Round "02"]
[TimeControl "180+1"]
[Date "2022.05.11"]
[WhiteClock "0:01:38"]
[BlackClock "0:00:19"]

1. d4 Nf6 2. Nf3 g6 3. Nc3 d5 4. Bg5 Bg7 5. Bxf6 Bxf6 6. e4 dxe4 7. Nxe4 Bg7 8. Bc4 O-O 9. O-O Bg4 10. c3 Nd7 11. h3 Bxf3 12. Qxf3 e5 13. dxe5 Nxe5 14. Qe2 Nxc4 15. Qxc4 c6 16. Rad1 Qc7 17. Rd2 Rad8 18. Rfd1 Rxd2 19. Rxd2 Rd8 20. Rxd8+ Qxd8 21. g3 Qb6 22. Nd6 Qc7 23. Ne8 Qe7 24. Nxg7 Kxg7 25. Qd4+ Kg8 26. Qxa7 Qd7 27. h4 h5 28. Qd4 Qe6 29. b3 Kh7 30. c4 Qe2 31. Qd7 Qe1+ 32. Kg2 Qe4+ 33. Kh2 Qf3 34. Qd2 b5 35. Qf4 Qxf4 36. gxf4 b4 37. Kg3 Kg7 38. Kf3 f5 39. Ke3 c5 40. Kd3 Kf6 41. Kc2 Ke6 42. Kb2 Kd6 43. a3 Kc6 44. axb4 cxb4 45. Kc2 Kd6 46. Kd3 Kc5 47. Ke3 Kc6 48. Kd4 Kd6 49. c5+ Kc6 50. Kc4 1-0


[Site "https://www.chess.com"]

[Event "Titled Tuesday Blitz May 10 Early 2022"]
[White "Danaci, Ege"]
[Black "Wagner, Dennis"]
[WhiteFideId "34506748"]
[BlackFideId "24650684"]
[WhiteElo "1799"]
[BlackElo "2355"]
[Result "1/2-1/2"]
[Round "02"]
[TimeControl "180+1"]
[Date "2022.05.11"]
[WhiteClock "0:00:05"]
[BlackClock "0:00:05"]

1. e4 e5 2. Nf3 Nc6 3. d4 exd4 4. Nxd4 Bc5 5. Nb3 Bb6 6. Nc3 Nge7 7. Qe2 O-O 8. Be3 d5 9. O-O-O d4 10. Nb5 dxe3 11. Rxd8 Rxd8 12. fxe3 Ng6 13. N5d4 Nge5 14. h3 a5 15. a4 Nxd4 16. exd4 Bxd4 17. Nxd4 Rxd4 18. Qb5 Nc6 19. Bc4 Bd7 20. Qxb7 Rb8 21. Qxc7 Rxc4 22. Qxd7 Nd4 23. c3 Nb3+ 24. Kc2 Rxe4 25. Rd1 Re2+ 26. Kb1 g6 27. Qd6 Rb7 28. Qd5 Rb8 29. Qd6 Rb7 30. Qd8+ Kg7 31. Qd3 Ree7 32. c4 h5 33. Qc3+ Kh7 34. Rd8 f6 35. Qxf6 Rg7 36. Rd1 Nc5 37. Qc6 Rb4 38. Qxc5 Rgb7 39. Qd5 Rxb2+ 40. Kc1 Rb1+ 41. Kc2 R7b2+ 42. Kc3 Rb3+ 43. Kc2 R3b2+ 44. Kc3 Rb3+ 45. Kc2 R3b2+ 1/2-1/2


[Site "https://www.chess.com"]

[Event "Titled Tuesday Blitz May 10 Early 2022"]
[White "Dardha, Daniel"]
[Black "Kohler, Aran"]
[WhiteFideId "240990"]
[BlackFideId "1002856"]
[WhiteElo "2482"]
[BlackElo "2318"]
[Result "1-0"]
[Round "02"]
[TimeControl "180+1"]
[Date "2022.05.11"]
[WhiteClock "0:01:33"]
[BlackClock "0:00:14"]

1. e4 c6 2. d3 d5 3. Nf3 dxe4 4. dxe4 Qxd1+ 5. Kxd1 Bg4 6. Be2 Nd7 7. Ne1 Bxe2+ 8. Kxe2 Ngf6 9. f3 e6 10. a4 a5 11. Na3 Bxa3 12. Rxa3 O-O 13. Nd3 b5 14. Be3 b4 15. Raa1 Rfc8 16. Nc5 Nxc5 17. Bxc5 Nd7 18. Be3 Kf8 19. Rhd1 Ke7 20. Rac1 c5 21. c3 f6 22. Bf4 e5 23. Be3 c4 24. Rd5 g5 25. Rcd1 Rc7 26. h4 h6 27. hxg5 fxg5 28. Rh1 Ra6 29. Rb5 bxc3 30. bxc3 Rd6 31. Rxa5 Rd3 32. Rxh6 Rxc3 33. Bxg5+ Kf7 34. Rd5 Rc2+ 35. Rd2 Rxd2+ 36. Kxd2 c3+ 37. Kc2 Nc5 38. Rh7+ Kg6 39. Rxc7 Nxa4 40. Be3 1-0


[Site "https://www.chess.com"]

[Event "Titled Tuesday Blitz May 10 Early 2022"]
[White "De Silva, L M S T"]
[Black "Johnson, Ben"]
[WhiteFideId "9953698"]
[BlackFideId "2010917"]
[WhiteElo "1631"]
[BlackElo "2216"]
[Result "1-0"]
[Round "02"]
[TimeControl "180+1"]
[Date "2022.05.11"]
[WhiteClock "0:01:15"]
[BlackClock "0:00:18"]

1. e4 c5 2. Nf3 Nc6 3. Bb5 g6 4. O-O Bg7 5. c3 e5 6. d4 cxd4 7. cxd4 exd4 8. Bf4 a6 9. Ba4 Nge7 10. Bd6 b5 11. Bb3 Bb7 12. Re1 Nc8 13. e5 Nxd6 14. exd6+ Kf8 15. Nbd2 Bf6 16. Ne4 Kg7 17. Nc5 Rb8 18. Nd2 Na5 19. Nxb7 Rxb7 20. Ne4 Nxb3 21. axb3 Rb6 22. Rc1 Re8 23. Qf3 Be5 24. Qd3 f5 25. Nc5 Bf6 26. h3 Rc6 27. b4 Rxe1+ 28. Rxe1 a5 29. Qxb5 axb4 30. Qxc6 dxc6 31. Ne6+ Kf7 32. Nxd8+ Bxd8 33. d7 Be7 34. Rc1 d3 35. Rd1 c5 36. Rxd3 Bd8 37. Rd5 c4 38. Rc5 c3 39. bxc3 bxc3 40. Rxc3 Ke6 41. Rd3 g5 42. g4 1-0


[Site "https://www.chess.com"]

[Event "Titled Tuesday Blitz May 10 Early 2022"]
[White "Demchenko, Anton"]
[Black "Juhasz, Agoston"]
[WhiteFideId "4160258"]
[BlackFideId "778346"]
[WhiteElo "2539"]
[BlackElo "2211"]
[Result "1-0"]
[Round "02"]
[TimeControl "180+1"]
[Date "2022.05.10"]
[WhiteClock "0:01:42"]
[BlackClock "0:00:08"]

1. e4 c5 2. Nf3 d6 3. d4 cxd4 4. Qxd4 Nf6 5. Nc3 g6 6. e5 dxe5 7. Qxd8+ Kxd8 8. Nxe5 Be6 9. Bf4 Nbd7 10. O-O-O Bg7 11. Be2 Kc8 12. Nc4 Rd8 13. Na5 Nh5 14. Bd2 Be5 15. Bf3 Nc5 16. Be3 Rxd1+ 17. Rxd1 Bf4 18. Nd5 Bxd5 19. Rxd5 Bxe3+ 20. fxe3 b6 21. Rxc5+ bxc5 22. Bxa8 1-0


[Site "https://www.chess.com"]

[Event "Titled Tuesday Blitz May 10 Early 2022"]
[White "Demin, Vladimir"]
[Black "Starozhilov, Leonid"]
[WhiteFideId "4167457"]
[BlackFideId "14106752"]
[WhiteElo "2442"]
[BlackElo "2414"]
[Result "1-0"]
[Round "02"]
[TimeControl "180+1"]
[Date "2022.05.11"]
[WhiteClock "0:01:17"]
[BlackClock "0:00:40"]

1. d4 Nf6 2. g4 d5 3. g5 Ne4 4. f3 Nd6 5. Nc3 Nf5 6. e4 dxe4 7. fxe4 Nxd4 8. Be3 e5 9. Bc4 Bc5 10. Na4 Nxc2+ 11. Qxc2 Bxe3 12. Nf3 Nc6 13. Qb3 Bxg5 14. Bxf7+ Kf8 15. O-O Bf6 16. Bh5 Nd4 17. Qf7# 1-0


[Site "https://www.chess.com"]

[Event "Titled Tuesday Blitz May 10 Early 2022"]
[White "Fathy, Elameir"]
[Black "Wagh Suyog"]
[WhiteFideId "10600396"]
[BlackFideId "25071688"]
[WhiteElo "2311"]
[BlackElo "2181"]
[Result "0-1"]
[Round "02"]
[TimeControl "180+1"]
[Date "2022.05.11"]
[WhiteClock "0:00:01"]
[BlackClock "0:01:34"]

1. d4 Nf6 2. c4 g6 3. Nc3 Bg7 4. e4 d6 5. Nf3 O-O 6. Be2 e5 7. d5 a5 8. Bg5 h6 9. Be3 Ng4 10. Bd2 f5 11. h3 Nf6 12. exf5 gxf5 13. g4 Na6 14. g5 hxg5 15. Bxg5 Qe8 16. Rg1 Kh8 17. Qd2 f4 18. O-O-O Bf5 19. Nh4 Bh7 20. Bd3 e4 21. Bb1 Qh5 22. Rde1 Nc5 23. Qd1 Qf7 24. f3 Nd3+ 25. Bxd3 exd3 26. Bxf4 b5 27. cxb5 Nxd5 28. Bd2 Nxc3 29. Bxc3 Bxc3 30. bxc3 Qxa2 31. Re7 d2+ 32. Qxd2 Qb1# 0-1


[Site "https://www.chess.com"]

[Event "Titled Tuesday Blitz May 10 Early 2022"]
[White "Fedoseev, Vladimir"]
[Black "Khubukshanov, Erdem"]
[WhiteFideId "24130737"]
[BlackFideId "54114527"]
[WhiteElo "2726"]
[BlackElo "2306"]
[Result "1-0"]
[Round "02"]
[TimeControl "180+1"]
[Date "2022.05.10"]
[WhiteClock "0:01:09"]
[BlackClock "0:00:07"]

1. Nf3 d5 2. g3 g6 3. Bg2 Bg7 4. d4 c6 5. O-O Bg4 6. c3 Nd7 7. h3 Bxf3 8. exf3 Ngf6 9. f4 O-O 10. Nd2 Qc7 11. Re1 Rfe8 12. Nf3 c5 13. dxc5 Nxc5 14. Be3 b5 15. Qe2 a6 16. Rad1 Na4 17. Bd4 e6 18. Ne5 Rab8 19. Rc1 Nd7 20. Nxd7 Qxd7 21. Bxg7 Kxg7 22. b3 Nb6 23. Qe5+ Kg8 24. h4 Rbc8 25. h5 Qc7 26. Qd4 Qc5 27. Qd2 a5 28. Bh3 a4 29. f5 exf5 30. Bxf5 gxf5 31. Qg5+ Kh8 32. Qf6+ Kg8 33. h6 Qf8 34. Qxb6 Rxe1+ 35. Rxe1 axb3 36. axb3 Rxc3 37. Qf6 Rc8 38. Re5 Re8 39. Rxe8 1-0


[Site "https://www.chess.com"]

[Event "Titled Tuesday Blitz May 10 Early 2022"]
[White "Ferreira, Vitor Hugo Vieira"]
[Black "Priyanka, K"]
[WhiteFideId "2119765"]
[BlackFideId "5082986"]
[WhiteElo "2165"]
[BlackElo "1905"]
[Result "1-0"]
[Round "02"]
[TimeControl "180+1"]
[Date "2022.05.11"]
[WhiteClock "0:00:55"]
[BlackClock "0:00:02"]

1. d4 Nf6 2. c4 g6 3. Nf3 Bg7 4. g3 d6 5. Bg2 O-O 6. O-O Nc6 7. Nc3 Bg4 8. h3 Bxf3 9. Bxf3 Nd7 10. e3 e5 11. d5 Ne7 12. Bg2 f5 13. f4 a5 14. Qc2 Nc5 15. b3 e4 16. Bb2 Nd3 17. Nd1 Nxb2 18. Nxb2 Nc8 19. Rad1 Nb6 20. Rf2 Bxb2 21. Qxb2 Nd7 22. Bf1 Qf6 23. a3 Qxb2 24. Rxb2 b6 25. g4 Kg7 26. g5 h6 27. h4 hxg5 28. hxg5 Rh8 29. Rdd2 Rh4 30. Rh2 Rxh2 31. Rxh2 Nc5 32. Rb2 Rh8 33. b4 axb4 34. axb4 Nd7 35. Ra2 b5 36. Ra7 Rc8 37. c5 dxc5 38. Bxb5 Nb6 39. d6 cxb4 40. Ba6 Rd8 41. dxc7 Rd1+ 42. Kf2 Kf8 43. Ra8+ Ke7 44. c8=Q Nxc8 45. Rxc8 b3 46. Rb8 Rd2+ 47. Ke1 Rb2 48. Bc4 Rb1+ 49. Kd2 Rb2+ 50. Kc3 Rb1 51. Rxb3 Re1 52. Kd4 Rd1+ 53. Ke5 Rd7 54. Bd5 1-0


[Site "https://www.chess.com"]

[Event "Titled Tuesday Blitz May 10 Early 2022"]
[White "Fier, Alexandr"]
[Black "Maghsoodloo, Parham"]
[WhiteFideId "2107139"]
[BlackFideId "12539929"]
[WhiteElo "2571"]
[BlackElo "2630"]
[Result "1-0"]
[Round "02"]
[TimeControl "180+1"]
[Date "2022.05.10"]
[WhiteClock "0:00:12"]
[BlackClock "0:00:03"]

1. d4 Nf6 2. c4 e6 3. Nc3 Bb4 4. e3 c5 5. Ne2 cxd4 6. exd4 b6 7. a3 Be7 8. Nf4 d6 9. Be2 Bb7 10. O-O Nbd7 11. Be3 O-O 12. b4 a5 13. Re1 Re8 14. Bf1 Bf8 15. h3 h6 16. Qb3 Qc8 17. Rad1 axb4 18. axb4 Qb8 19. d5 e5 20. Nfe2 Ba6 21. Ng3 Qc7 22. Ra1 Rec8 23. b5 Bb7 24. Nf5 Kh7 25. Qb2 g6 26. Ng3 Bg7 27. Rxa8 Rxa8 28. Ra1 Qb8 29. Rxa8 Qxa8 30. Qa2 Qb8 31. Na4 Bc8 32. Ne2 Ne4 33. Nec3 Nxc3 34. Nxc3 f5 35. Qa3 Nc5 36. Bxc5 dxc5 37. Na4 e4 38. Nc3 h5 39. Ne2 h4 40. Qe3 Bh6 41. Qc3 Qd6 42. Qa3 Qb8 43. Qc3 Bg5 44. g3 Bd7 45. Qb2 hxg3 46. fxg3 Kg8 47. Kg2 Kf7 48. h4 Bf6 49. Qd2 Qe5 50. Qa2 Qb8 51. Qd2 Kg7 52. Nf4 Bd4 53. Qa2 Be5 54. Ne6+ Bxe6 55. dxe6 Kf6 56. Qd2 Kxe6 57. Qd5+ Kf6 58. Qc6+ Kg7 59. Qd7+ Kh6 60. h5 Qg8 61. Qc6 Kxh5 62. Qxb6 Qf8 63. Qe6 Qd6 64. Qf7 Qd2+ 65. Kh3 Kg5 66. Qh7 Kf6 67. Qh8+ Ke6 68. Qe8+ Kf6 69. Qh8+ Ke6 70. Qe8+ Kf6 71. Qf8+ Kg5 72. Qe7+ Bf6 73. Qxc5 Qe1 74. Bg2 e3 75. Qd6 Qf2 76. b6 e2 77. b7 e1=Q 78. b8=Q Qee2 79. Qf4+ Kh5 80. Qh8+ Bxh8 81. Qh4# 1-0


[Site "https://www.chess.com"]

[Event "Titled Tuesday Blitz May 10 Early 2022"]
[White "Fromm, Marius"]
[Black "Nogerbek, Kazybek"]
[WhiteFideId "12993190"]
[BlackFideId "13710427"]
[WhiteElo "2572"]
[BlackElo "2441"]
[Result "0-1"]
[Round "02"]
[TimeControl "180+1"]
[Date "2022.05.10"]
[WhiteClock "0:00:01"]
[BlackClock "0:01:42"]

1. e4 Nc6 2. Nf3 d6 3. d4 Nf6 4. Nc3 g6 5. Be3 Bg7 6. Qd2 O-O 7. h3 e5 8. dxe5 Nxe5 9. Nd4 a6 10. O-O-O b5 11. f4 b4 12. fxe5 bxc3 13. Qxc3 Nxe4 14. Qc4 Ng3 15. Rg1 dxe5 16. Nf5 Nxf5 17. Rxd8 Rxd8 18. Bg5 Be6 19. Qc5 Rd5 20. Qc6 Rb8 21. Bc4 Rd6 22. Qxc7 Rc8 23. Qxd6 Nxd6 24. Bxe6 fxe6 25. b3 Ne4 26. Be3 Nc3 27. Kb2 e4 28. Re1 a5 29. Ka3 a4 30. bxa4 Ra8 31. Kb3 Rb8+ 32. Kc4 Nxa4 33. Bd4 Rc8+ 34. Kb4 Bxd4 35. Rxe4 e5 36. Kxa4 Rxc2 37. Kb3 Rb2+ 38. Ka3 Rxg2 0-1


[Site "https://www.chess.com"]

[Event "Titled Tuesday Blitz May 10 Early 2022"]
[White "Gallego Alcaraz, Andres Felipe"]
[Black "Vifleemskaia, Svetlana"]
[WhiteFideId "4402669"]
[BlackFideId "4129490"]
[WhiteElo "2340"]
[BlackElo "1929"]
[Result "0-1"]
[Round "02"]
[TimeControl "180+1"]
[Date "2022.05.11"]
[WhiteClock "0:02:11"]
[BlackClock "0:01:35"]

1. d4 Nf6 2. Nf3 d5 3. c4 dxc4 4. e3 a6 5. Bxc4 b5 6. Bb3 e6 7. O-O c5 8. Qe2 Bb7 9. Rd1 Nbd7 10. a4 Qb6 11. axb5 axb5 12. Rxa8+ Bxa8 13. Nc3 c4 14. Bc2 Bd6 15. e4 e5 16. Be3 Qb8 17. d5 O-O 18. Ra1 b4 19. Nb1 b3 20. Bd1 Nxe4 21. Qxc4 f5 22. Bxb3 Rc8 23. Qa6 Ndc5 24. Bxc5 Nxc5 0-1


[Site "https://www.chess.com"]